 Dungeon Crawl Stone Soup version 0.28-a0-1080-g05a166d0ed (webtiles) character file.

Game seed: 8431881962588478707

88 ytrimaz the Insei (level 4, -3/29 HPs)
             Began as an Octopode Transmuter on Dec 9, 2021.
             Slain by an iguana (12 damage)
             ... on level 2 of the Dungeon.
             The game lasted 00:01:57 (2314 turns).

ytrimaz the Insei (Octopode Transmuter)             Turns: 2314, Time: 00:01:57

Health: -3/29      AC:  1    Str:  9    XL:     4   Next: 53%
Magic:  8/8        EV: 13    Int: 17    God:
Gold:   89         SH:  0    Dex: 12    Spells: 7/8 levels left

rFire   . . .      SeeInvis .     - Unarmed
rCold   . . .      Faith    .   (no shield)
rNeg    . . .      Spirit   .   (helmet restricted)
rPois   .          Reflect  .   (no amulet)
rElec   .          Harm     .   (no ring)
rCorr   .          Rampage  .   (no ring)
Will    .....                   (no ring)
Stlth   ++........              (no ring)
HPRegen 0.09/turn               (no ring)
MPRegen 0.11/turn               (no ring)
                                (no ring)
                                (no ring)

@: hasted, very quick
A: almost no armour, amphibious, 8 rings, camouflage 1, gelatinous body 1,
(nimble swimmer 1), tentacles
a: no special abilities


You were on level 2 of the Dungeon.
You visited 1 branch of the dungeon, and saw 3 of its levels.

You collected 89 gold pieces.

Inventory:

Wands
 e - a wand of flame (11)
Scrolls
 d - a scroll of fear
Potions
 a - a potion of cancellation {unknown}
 b - a potion of heal wounds {unknown}
 c - 2 potions of curing
 f - a potion of haste


   Skills:
 * Level 1.8 Fighting
 - Level 2.0 Dodging
 + Level 3.7 Unarmed Combat
 * Level 2.8 Spellcasting
 * Level 2.7 Transmutations


You had 7 spell levels left.
You knew the following spells:

 Your Spells              Type           Power      Damage    Failure   Level
a - Beastly Appendage     Tmut           22%        N/A       6%          1

Your spell library contained the following spells:

 Spells                   Type           Power      Damage    Failure   Level
 Wereblood                Tmut           11%        N/A       9%          2
 Spider Form              Tmut/Pois      7%         N/A       30%         3
 Call Canine Familiar     Summ           2%         N/A       47%         3
 Portal Projectile        Hex/Tloc       4%         N/A       47%         3
 Ice Form                 Ice/Tmut       7%         N/A       69%         4
 Leda's Liquefaction      Hex/Erth       1%         N/A       87%         4


Dungeon Overview and Level Annotations

Branches:
Dungeon (3/15)

Altars:


Innate Abilities, Weirdness & Mutations

You cannot wear most types of armour.
You are amphibious.
You can wear up to eight rings at the same time.
Your skin changes colour to match your surroundings (Stealth+).
Your rubbery body absorbs attacks. (AC +1, EV +1)
((You are camouflaged near water. (Stealth+)))
You have tentacles for arms and can constrict up to eight enemies at once.


Message History

Things that are here:
a +0 club; a +0 robe; the human corpse of Jessica
There is an open door here.
There is a stone staircase leading down here.
There is an open door here.
Your tentacle spike disappears.
There is an open door here.
The iguana hisses menacingly.
You feel better. The iguana bites you.
There is a stone staircase leading up here.
The iguana closely misses you.
You climb upwards.
There is a stone staircase leading down here.
Casting: Beastly Appendage (safe; 6% risk of failure)
Confirm with . or Enter, or press ? or * to list all spells.
Okay, then.
Okay, then.
Okay, then.
It was a potion of haste.
You feel yourself speed up. The iguana bites you.
You barely miss the iguana. Your grab misses the iguana.
The iguana barely misses you.
You closely miss the iguana. Your grab misses the iguana.
Your squeeze misses the iguana. You barely miss the iguana.
You grab the iguana. You squeeze the iguana!
The iguana is heavily wounded.
You constrict the iguana, but do no damage.
The iguana barely misses you.
You tentacle-slap the iguana but do no damage.
You squeeze the iguana, but do no damage.
The iguana is heavily wounded.
You constrict the iguana.
You tentacle-slap the iguana but do no damage.
The iguana is severely wounded.
You constrict the iguana, but do no damage.
The iguana bites you.
You tentacle-slap the iguana.
The iguana is severely wounded.
You constrict the iguana, but do no damage.
The iguana bites you!
You die...

#.#.#....#.# #.#############..[
#...##.###.# #..>.........###..
#.####.###.#####.##########.# ##.
#.# #......##)##.# #.#####..####.
#.# ##.#.#.......###.##..........
#.####.#.#......###^.##..#.##.###
#......#.#####.## #.#########.##.
########.#####.####.# #.....
#....##.l@.#.# ##.##.
#(##.#####.#.# ##[###
#.##.#####.#.########.....
#.##.......#..........###.
#.#####################...
#..........#.......# #...
##########.#.#####.# #...
#.#.#####.####...
#.#....##....#...


You could see an iguana.

Vanquished Creatures
  Jessica (D:3)
  2 adders
  A dart slug (D:2)
  6 ball pythons
  2 endoplasms
  5 giant cockroaches
  A hobgoblin (D:2)
  4 kobolds
  A quokka (D:1)
  5 bats
  3 frilled lizards (D:2)
  5 goblins
  6 rats
42 creatures vanquished.

Notes
Turn   | Place    | Note
-------+----------+-------------------------------------------
     0 | D:1      | ytrimaz the Octopode Transmuter began the quest for the
                  | Orb.
     0 | D:1      | Reached XP level 1. HP: 13/13 MP: 3/3
   214 | D:1      | Reached XP level 2. HP: 17/18 MP: 5/5
   676 | D:2      | Reached XP level 3. HP: 17/23 MP: 6/6
  2236 | D:3      | Noticed Jessica
  2246 | D:3      | Reached XP level 4. HP: 9/29 MP: 5/8
  2248 | D:3      | Killed Jessica
  2314 | D:2      | Slain by an iguana

Illustrated notes

Levels and vault maps discovered:
D:1:      minmay_arrival_open_corners, layout_rooms
D:2:      layout_loops_cross, serial_co_window_serial, co_window_corner_a,
          co_window_corner_a, co_window_paths_a, co_window_corner_a,
          co_window_paths_b, co_window_of_opportunity_c, co_window_paths_c,
          co_window_broadway_a, co_window_2corner, co_window_corner_b,
          co_window_4corner_b, glass_columns_c, glass_columns_a,
          glass_columns_a, glass_columns_a
D:3:      minmay_angry_zag, layout_basic,
          dreamdust_ecumenical_altar_drowned_temple, uniq_grinder, uniq_jessica,
          uniq_robin, uniq_natasha

Action                   |  1- 3 |  4- 6 || total
-------------------------+-------+-------++-------
Melee: Unarmed           |    84 |     9 ||    93
       Constrict         |    23 |     2 ||    25
       Kick              |    12 |       ||    12
       Tentacles         |    15 |     2 ||    17
       Punch             |     3 |       ||     3
 Cast: Beastly Appendage |    20 |       ||    20
  Use: Scroll            |     5 |       ||     5
       Potion            |       |     2 ||     2
 Stab: Sleeping          |     7 |       ||     7
Armor: Skin              |     9 |       ||     9
Dodge: Dodged            |    57 |     7 ||    64

Table legend: (Time is in decaauts)
 A = Elapsed time spent in this place.
 B = Non-inter-level travel time spent in this place.
 C = Inter-level travel time spent in this place.
 D = Time resting spent in this place.
 E = Time spent auto-exploring this place.
 F = Levels seen in this place.
 G = Mean time per level.
                   A        B        C        D        E       F      G
               +--------+--------+--------+--------+--------+-----+--------+
         Total |   2306 |   2224 |     82 |      0 |   1863 |   3 |  768.7 |
       Dungeon |   2306 |   2224 |     82 |      0 |   1863 |   3 |  768.7 |
               +--------+--------+--------+--------+--------+-----+--------+

Top non-repeatable levels by time:
     D:2: 1316 daAuts
     D:1: 633 daAuts
     D:3: 356 daAuts
